 Dungeon Crawl Stone Soup version 0.26-a0-778-g3fe0686644 (webtiles) character file.

Game seed: 5261954855697668051

34358 thag the Grappler (level 13, 0/133 HPs)
             Began as a Troll Berserker on Nov 10, 2020.
             Was a High Priest of Trog.
             Slain by a troll (5 damage)
             ... on level 14 of the Dungeon.
             The game lasted 02:24:26 (13678 turns).

thag the Grappler (Troll Berserker)                Turns: 13678, Time: 02:24:26

Health: 0/133      AC: 12    Str: 29    XL:     13   Next: 41%
Magic:  12/12      EV: 16    Int:  3    God:    Trog [*****.]
Gold:   1028       SH:  0    Dex: 14    Spells: 12/12 levels left

rFire    . . .     SeeInvis .     - Unarmed
rCold    . . .     Faith    .   (no shield)
rNeg     + . .     Spirit   .   k - +2 robe {rN+}
rPois    +         Reflect  .   (helmet restricted)
rElec    .         Harm     .   p - +2 cloak
rCorr    +         Rampage  .   (gloves unavailable)
MR       ++...                  (boots unavailable)
Stlth    ++........             y - amulet of the acrobat
HPRegen  1.72/turn              h - ring of resist corrosion
MPRegen  0.13/turn              P - ring of poison resistance

@: about to teleport, regenerating
A: large, unfitting armour, claws 3, agile 1, regeneration 1, shaggy fur 2,
tough skin 3, subdued magic 1
a: Berserk, Trog's Hand, Brothers in Arms, Renounce Religion


You were on level 14 of the Dungeon.
You worshipped Trog.
Trog was extremely pleased with you.
You visited 1 branch of the dungeon, and saw 15 of its levels.
You visited the Abyss 1 time.

You collected 1065 gold pieces.
You spent 37 gold pieces at shops.

Inventory:

Hand Weapons
 T - a +0 vorpal trident
Armour
 k - a +2 robe of positive energy (worn)
 p - a +2 cloak (worn)
 W - a +1 robe of positive energy
Jewellery
 h - a ring of resist corrosion (left claw)
 y - an amulet of the acrobat (around neck)
 D - a cursed ring of attention {unknown}
 H - an uncursed ring of fire {unknown}
 J - an uncursed amulet of the acrobat
 P - a ring of poison resistance (right claw)
Wands
 a - a wand of iceblast (6)
 N - a wand of random effects (33)
 X - a wand of flame (49)
 Y - a wand of polymorph (2)
Scrolls
 d - 4 scrolls of identify
 e - 4 scrolls of remove curse
 g - 5 scrolls of magic mapping
 l - 2 scrolls of fog
 n - a scroll of blinking {unknown}
 r - 6 scrolls of teleportation
 v - 2 scrolls of immolation
 w - a scroll of torment
 C - a scroll of fear
 Q - 3 scrolls of amnesia
Potions
 b - 4 potions of mutation
 f - 3 potions of flight
 m - a potion of heal wounds
 q - 4 potions of might
 s - 2 potions of attraction
 t - a potion of invisibility
 u - 7 potions of curing
 x - a potion of lignification
 z - a potion of brilliance
 B - a potion of berserk rage
 F - a potion of ambrosia
 G - 2 potions of magic
 I - 2 potions of haste
Miscellaneous
 A - a phantom mirror


   Skills:
 - Level 10.2 Fighting
 * Level 3.3 Throwing
 - Level 10.8 Dodging
 - Level 1.4 Stealth
 - Level 14.9 Unarmed Combat


You had 12 spell levels left.
You didn't know any spells.
Your spell library contained the following spells:

 Spells                   Type           Power        Failure   Level
 Animate Skeleton         Necr           #.....       47%         1
 Apportation              Tloc           #.....       47%         1
 Beastly Appendage        Tmut           #.....       47%         1
 Corona                   Hex            #......      47%         1
 Magic Dart               Conj           #...         47%         1
 Shock                    Conj/Air       #...         47%         1
 Summon Small Mammal      Summ           #...         47%         1
 Blink                    Tloc           N/A          63%         2
 Call Imp                 Summ           #.......     63%         2
 Slow                     Hex            #.......     63%         2
 Swiftness                Air            #.......     63%         2
 Wereblood                Tmut           #.......     63%         2
 Conjure Flame            Conj/Fire      #.......     86%         3
 Inner Flame              Hex/Fire       #.......     86%         3
 Mephitic Cloud           Conj/Pois/Air  #.......     86%         3
 Portal Projectile        Hex/Tloc       #.....       86%         3
 Spider Form              Tmut/Pois      #.........   86%         3
 Static Discharge         Conj/Air       #.......     86%         3
 Airstrike                Air            #.........   99%         4
 Cause Fear               Hex            #.........   99%         4
 Ice Form                 Ice/Tmut       #.......     99%         4
 Leda's Liquefaction      Hex/Erth       #.........   99%         4
 Summon Lightning Spire   Summ/Air       #.......     99%         4
 Blade Hands              Tmut           #.........   100%        5
 Bolt of Magma            Conj/Fire/Erth #.........   100%        5
 Lightning Bolt           Conj/Air       #.........   100%        5
 Silence                  Hex/Air        #.........   100%        5
 Conjure Ball Lightning   Conj/Air       #.........   100%        6
 Iron Shot                Conj/Erth      #.........   100%        6
 Statue Form              Tmut/Erth      #........    100%        6
 Shatter                  Erth           #.........   100%        9
 Tornado                  Air            #.........   100%        9


Dungeon Overview and Level Annotations

Branches:
Dungeon (15/15)            Temple (0/1) D:6            Lair (0/6) D:10
    Orc (0/2) D:11         Vaults (0/5) D:14
 Depths: D:15

Altars:
Elyvilon
Qazlal
Sif Muna
Trog
Vehumet

Shops:
D:13 *

Portals:
Abyss: D:1***
Trove: D:11 (give +2 ice dragon scales)


Innate Abilities, Weirdness & Mutations

You are too large for most types of armour.
You have claws for hands.
Your natural rate of healing is unusually fast.
You are covered in thick fur. (AC +2)
You have extremely tough skin. (AC +3)
You are agile. (Dex +2)
Your spells are a little easier to cast, but a little less powerful.


Message History

The tengu warrior barely misses you. The troll bites you.
The troll claws you but does no damage. The troll claws you.
The cyclops hits you!!
* * * LOW HITPOINT WARNING * * *
The troll bites you.
* * * LOW HITPOINT WARNING * * *
The troll barely misses you. The troll misses you.
Okay, then.
As you read the scroll of teleportation, it crumbles to dust.
You feel strangely unstable.
Your troll barely misses the troll.
Your troll claws the troll.
Your troll claws the troll!
The troll closely misses you. The troll barely misses you. x2
The tengu warrior closely misses you.
The tengu warrior pecks you but does no damage.
The tengu warrior claws you.
* * * LOW HITPOINT WARNING * * *
The troll bites you!
* * * LOW HITPOINT WARNING * * *
The troll claws you but does no damage. The troll claws you.
You die...

..⌠)....#...## #.....#.....#..
#...###.#....# ###'########.#..
##### #.#....# #.......+....#..
#...# #.#...######.####..#....#..
#...# #.#####......# #..#....##'
#...# #.......#....# #..####.#..
#...###.......#....# #.......#..
.........###..#.C[.# #.......#..
.........# #)...@T.####.......#..
.........###...QTT.........##.#((
..............................###
#############################....
#####


You could see a tengu warrior, a cyclops, 2 trolls and a friendly troll
(summoned, berserk).

Vanquished Creatures
  2 vault guards (D:14)
  Erolcha (D:10)
  2 centaur warriors (D:14)
  Erica (D:11)
  A two-headed ogre (D:12)
  A tengu warrior (D:14)
  4 skeletal warriors (D:11)
  2 wizards (D:14)
  A deep elf mage (D:14)
  A necromancer (D:14)
  A cyclops (D:12)
  6 ugly things
  Maurice (D:9)
  An elephant (D:9)
  5 centaur zombies
  Psyche (D:8)
  3 freezing wraiths
  A kobold demonologist (D:14)
  3 komodo dragons
  A hornet (D:9)
  3 trolls
  7 slime creatures
  Sigmund (D:6)
  A vampire (D:14)
  4 yaks (D:10)
  2 basilisks
  5 fire elementals
  2 wyverns
  19 humans (D:14)
  Grum (D:11)
  A steam dragon (D:10)
  4 wraiths
  4 vampire mosquitoes (D:13)
  A water moccasin (D:10)
  3 soldier ants
  2 hell hounds (D:14)
  7 orc warriors
  4 sky beasts
  4 black bears
  5 ice beasts
  A necrophage (D:11)
  2 phantoms
  2 wolves (D:11)
  8 ogres
  11 centaurs
  3 big kobolds
  11 bullfrogs
  3 scorpions
  13 killer bees
  10 wights
  4 howler monkeys
  A bullfrog zombie (D:10)
  Crazy Yiuf (D:2)
  2 hounds
  7 orc priests
  14 orc wizards
  A centaur skeleton (D:6)
  3 jellies
  9 iguanas
  12 worker ants
  A killer bee zombie (D:10)
  A hound zombie (D:6)
  A howler monkey zombie (D:10)
  4 worker ant zombies
  13 adders
  9 gnolls
  3 shadow imps
  A white imp (D:5)
  3 ufetubi
  2 adder skeletons (D:9)
  5 worms
  2 dart slugs
  15 leopard geckos
  84 orcs
  A ball python (D:3)
  3 giant cockroaches
  5 goblins
  4 hobgoblins
  4 jackals
  19 kobolds
  4 quokkas
  8 bats
  13 frilled lizards
  2 jackal zombies
  A leopard gecko skeleton (D:5)
  A quokka zombie (D:9)
  10 rats
456 creatures vanquished.

Vanquished Creatures (collateral kills)
  A rakshasa (Abyss:1)
  A hydra (D:14)
  A snapping turtle (Abyss:1)
  A wyvern (D:5)
  A scorpion (D:5)
  An orc priest (D:5)
  An orc wizard (D:5)
7 creatures vanquished.

Vanquished Creatures (others)
  An unseen horror (D:12)
  12 plants
13 creatures vanquished.

Grand Total: 476 creatures vanquished

Notes
Turn   | Place    | Note
-------+----------+-------------------------------------------
     0 | D:1      | thag the Troll Berserker began the quest for the Orb.
     0 | D:1      | Reached XP level 1. HP: 22/22 MP: 0/0
   225 | D:1      | Reached XP level 2. HP: 29/29 MP: 1/1
   387 | D:1      | Reached ** piety under Trog
   509 | D:2      | Reached XP level 3. HP: 29/36 MP: 2/2
   533 | D:2      | Found a faded altar of an unknown god.
   702 | D:2      | Reached skill level 4 in Unarmed Combat
   702 | D:2      | Reached XP level 4. HP: 20/44 MP: 3/3
   916 | D:2      | Found a runed translucent door.
   917 | D:2      | Noticed Crazy Yiuf
   926 | D:2      | Killed Crazy Yiuf
  1326 | D:3      | Found a radiant altar of Vehumet.
  1472 | D:3      | Reached XP level 5. HP: 53/53 MP: 4/4
  1637 | D:3      | Reached *** piety under Trog
  1809 | D:3      | Reached skill level 5 in Unarmed Combat
  1836 | D:3      | Found a stormy altar of Qazlal.
  2491 | D:4      | Reached XP level 6. HP: 60/61 MP: 5/5
  2895 | D:5      | Entered Level 5 of the Dungeon
  2970 | D:5      | Reached skill level 6 in Unarmed Combat
  2974 | D:5      | Reached **** piety under Trog
  3077 | D:5      | Reached XP level 7. HP: 59/67 MP: 6/6
  3130 | D:5      | Found the +12 glaive of Prune {vorpal}
  3269 | D:5      | Found a bloodstained altar of Trog.
  3337 | D:5      | Reached skill level 7 in Unarmed Combat
  3411 | D:5      | Noticed a wyvern
  3417 | D:5      | HP: 1/67 [wyvern (9)]
  3418 | D:5      | Gained mutation: Your spells are a little easier to cast,
                  | but a little less powerful. [potion of mutation]
  3418 | D:5      | Gained mutation: You are covered in thick fur. (AC +2)
                  | [potion of mutation]
  3418 | D:5      | Gained mutation: You are agile. (Dex +2) [potion of
                  | mutation]
  3420 | D:5      | Killed a wyvern
  3424 | D:5      | Reached XP level 8. HP: 21/75 MP: 7/7
  3428 | D:5      | Reached skill level 8 in Unarmed Combat
  4106 | D:6      | Noticed Sigmund
  4115 | D:6      | Killed Sigmund
  4115 | D:6      | Reached skill level 9 in Unarmed Combat
  4236 | D:6      | Reached skill level 1 in Stealth
  4274 | D:6      | Reached skill level 5 in Dodging
  4850 | D:6      | Found a staircase to the Ecumenical Temple.
  5022 | D:7      | Reached XP level 9. HP: 84/84 MP: 8/8
  5027 | D:7      | Reached skill level 10 in Unarmed Combat
  6071 | D:8      | Noticed a komodo dragon
  6080 | D:8      | Killed a komodo dragon
  6080 | D:8      | Reached skill level 11 in Unarmed Combat
  7024 | D:9      | Noticed Psyche
  7052 | D:9      | Reached ***** piety under Trog
  7059 | D:8      | Cast into level 1 of the Abyss (Psyche)
  7059 | Abyss:1  | Found a corrupted altar of Lugonu.
  7090 | Abyss:1  | Noticed a freezing wraith
  7125 | Abyss:1  | Killed a freezing wraith
  7150 | Abyss:1  | Noticed a rakshasa
  7151 | Abyss:1  | Noticed a wretched star
  7167 | Abyss:1  | Noticed a wind drake
  7167 | Abyss:1  | Noticed a merfolk javelineer
  7169 | Abyss:1  | Killed a rakshasa
  7169 | Abyss:1  | Reached skill level 5 in Fighting
  7169 | Abyss:1  | Reached XP level 10. HP: 41/96 MP: 9/9
  7177 | D:8      | Escaped the Abyss
  7188 | D:8      | Killed Psyche
  7311 | D:9      | Found a shimmering blue altar of Sif Muna.
  7522 | D:9      | Noticed Maurice
  7533 | D:9      | Killed Maurice
  7557 | D:9      | Reached skill level 12 in Unarmed Combat
  7810 | D:10     | Entered Level 10 of the Dungeon
  7812 | D:10     | Noticed an elephant
  7813 | D:10     | Found a staircase to the Lair.
  7842 | D:9      | Killed an elephant
  8059 | D:10     | Reached XP level 11. HP: 107/107 MP: 10/10
  8162 | D:10     | Noticed Erolcha
  8174 | D:10     | Killed Erolcha
  8817 | D:11     | Found a staircase to the Orcish Mines.
  8982 | D:11     | Noticed Erica
  9013 | D:11     | Killed Erica
  9013 | D:11     | Reached skill level 13 in Unarmed Combat
  9071 | D:11     | Found a white marble altar of Elyvilon.
  9280 | D:11     | Found a portal to a secret trove of treasure.
  9306 | D:11     | Noticed Grum
  9312 | D:11     | Killed Grum
  9428 | D:12     | Noticed a skeletal warrior
  9428 | D:12     | Noticed a skeletal warrior
  9428 | D:12     | Noticed a skeletal warrior
  9428 | D:12     | Noticed a skeletal warrior
  9457 | D:11     | Killed a skeletal warrior
  9486 | D:11     | Killed a skeletal warrior
  9538 | D:11     | Killed a skeletal warrior
  9547 | D:11     | Killed a skeletal warrior
  9665 | D:12     | Noticed a red ugly thing
  9671 | D:12     | Killed a red ugly thing
  9717 | D:12     | Received a gift from Trog
  9730 | D:12     | Noticed a two-headed ogre
  9748 | D:12     | Killed a two-headed ogre
  9748 | D:12     | Reached XP level 12. HP: 106/122 MP: 11/11
 10754 | D:13     | Found Nuelixus's Assorted Antiques.
 10805 | D:13     | Bought a fuming dark potion for 37 gold pieces
 11104 | D:13     | Reached skill level 14 in Unarmed Combat
 11528 | D:14     | Reached skill level 10 in Dodging
 12018 | D:14     | Noticed a centaur warrior
 12026 | D:14     | Killed a centaur warrior
 12247 | D:14     | Reached XP level 13. HP: 132/132 MP: 12/12
 12295 | D:14     | Paralysed by a wizard for 3 turns
 12355 | D:14     | Reached skill level 10 in Fighting
 12532 | D:14     | Received a gift from Trog
 12562 | D:14     | Found a gate to the Vaults.
 12696 | D:14     | Found a white marble altar of Elyvilon.
 12939 | D:15     | Entered Level 15 of the Dungeon
 13341 | D:14     | Reached skill level 1 in Throwing
 13342 | D:14     | HP: 6/199 [fire elemental[Azrael] (12)]
 13678 | D:14     | HP: 5/133 [troll (16)]
 13678 | D:14     | Slain by a troll

Illustrated notes

Levels and vault maps discovered:
D:1:      minmay_arrival_glassed_features, layout_basic, serial_forest,
          infiniplex_forest_lined_2, infiniplex_forest_lined_3,
          infiniplex_forest_straight_2, infiniplex_forest_end_2,
          infiniplex_forest_lined_room_2, infiniplex_forest_clump_medium,
          infiniplex_forest_clump_C, infiniplex_forest_pool
D:2:      layout_basic, chequers_ecumenical_altar_island,
          minmay_misc_feat_pillars, uniq_crazy_yiuf_cottage
D:3:      layout_loops_corners, fiery_altar_vehumet, grunt_decor_fettered,
          dk_noncrumbling_2, nicolae_qazlal_general_emergency
D:4:      layout_loops_ring, kennysheep_potato
D:5:      minmay_bubble_buster, layout_basic, basic_altar
D:6:      layout_basic, minmay_temple_entry_nine_rooms, dk_noncrumbling_3,
          uniq_sigmund
D:7:      layout_basic, sigmund_army
D:8:      layout_loops_ring, serial_bayou_pond_c, minmay_lizard_king
D:9:      layout_rooms, small_chamber_with_monster, tgw_sif, uniq_psyche,
          uniq_maurice
D:10:     layout_roguey, david_lair_generic, special_room [special_room_orc],
          uniq_erolcha
D:11:     layout_roguey, orc_0_dummy, basic_altar,
          nicolae_trove_entry_crossroad, uniq_grum, uniq_erica
D:12:     layout_roguey
D:13:     layout_cave_pools, serial_shops, nicolae_shop_waterfront
D:14:     layout_stronghold, grunt_vaults_entry_tiered,
          minmay_staircase_windowed_large, elyvilon_altar_1
D:15:     grunt_enter_depths_hoard, layout_rooms, uniq_azrael

Skill      XL: |  1  2  3  4  5  6  7  8  9 10 11 12 13 |
---------------+----------------------------------------+-----
Dodging        | 3 4 5 6 7 9 10 | 10.8
Unarmed Combat | 4 5 6 7 9 11 12 13 14 | 14.9
Fighting       | 3 4 5 6 8 9 10 | 10.2
Stealth        | 1 |  1.4
Throwing       | 3 |  3.3

Action                   |  1- 3 |  4- 6 |  7- 9 | 10-12 | 13-15 || total
-------------------------+-------+-------+-------+-------+-------++-------
Melee: Unarmed           |    97 |   205 |   284 |   618 |   102 ||  1306
       Punch             |       |     3 |    15 |    49 |    15 ||    82
Invok: Trog's Hand       |       |     1 |     9 |     3 |     6 ||    19
       Berserk           |       |     1 |     7 |     3 |     4 ||    15
       Brothers in Arms  |       |       |     2 |     1 |     2 ||     5
  Use: Potion            |       |       |    14 |     4 |     1 ||    19
       Scroll            |       |       |    14 |     4 |     1 ||    19
 Stab: Sleeping          |       |     1 |     1 |     3 |       ||     5
       Invisible         |       |       |       |     1 |       ||     1
       Distracted        |       |       |       |       |     1 ||     1
Armor: Animal skin       |    46 |    46 |    71 |     2 |       ||   165
       Robe              |       |       |       |   135 |    97 ||   232
Dodge: Dodged            |    73 |    96 |   143 |   414 |   163 ||   889

Table legend: (Time is in decaauts)
 A = Elapsed time spent in this place.
 B = Non-inter-level travel time spent in this place.
 C = Inter-level travel time spent in this place.
 D = Time resting spent in this place.
 E = Time spent auto-exploring this place.
 F = Levels seen in this place.
 G = Mean time per level.
                   A        B        C        D        E       F      G
               +--------+--------+--------+--------+--------+-----+--------+
         Total |  13588 |  13587 |      1 |   1372 |   7191 |  16 |  849.2 |
       Dungeon |  13452 |  13451 |      1 |   1353 |   7191 |  15 |  896.8 |
         Abyss |    135 |    135 |      0 |     19 |      0 |   1 |  135.0 |
               +--------+--------+--------+--------+--------+-----+--------+

Top non-repeatable levels by time:
    D:14: 2235 daAuts
     D:5: 1103 daAuts
     D:8: 1057 daAuts
     D:7: 1043 daAuts
    D:12: 985 daAuts
     D:6: 974 daAuts
     D:3: 930 daAuts
    D:10: 908 daAuts
     D:2: 813 daAuts
    D:11: 789 daAuts
    D:13: 721 daAuts
     D:4: 658 daAuts
     D:9: 644 daAuts
     D:1: 490 daAuts
 Abyss:1: 135 daAuts
